 Dungeon Crawl Stone Soup version 0.30-a0-782-ge64f9170bb (webtiles) character file.

Game seed: 14851621548676406008

2083 theswoord the Basher (level 9, 0/61 HPs)
             Began as a Demonspawn Gladiator on Feb 19, 2023.
             Was a Follower of Kikubaaqudgha.
             Slain by Maggie
             ... wielding a +1 halberd of flaming
              (1 damage)
             ... on level 7 of the Dungeon.
             The game lasted 00:06:17 (5518 turns).

theswoord the Basher (Demonspawn Gladiator)         Turns: 5518, Time: 00:06:17

Health: 0/61       AC: 12    Str: 19    XL:     9   Next: 6%
Magic:  9/9        EV:  6    Int:  9    God:    Kikubaaqudgha [*.....]
Gold:   385        SH:  0    Dex: 25    Spells: 8/8 levels left

rFire   . . .      SeeInvis .    v - +2 whip (elec)
rCold   + . .      Faith    .    g - orb {light}
rNeg    . . .      Spirit   .    w - +0 plate armour
rPois   .          Reflect  .    c - +1 helmet
rElec   .          Harm     .    (no cloak)
rCorr   .          Rampage  .    (no gloves)
Will    .....                    (no boots) Stlth
                                 (no amulet)
HPRegen 0.30/turn                j - +6 ring of dexterity
MPRegen 0.11/turn                t - ring of protection from cold

@: glowing
A: thin skeletal structure 2, spiny 2, condensation shield, demonic touch 1
a: Renounce Religion, Unearth Wretches


You were on level 7 of the Dungeon.
You worshipped Kikubaaqudgha.
Kikubaaqudgha was aware of your devotion.
You visited 2 branches of the dungeon, and saw 8 of its levels.

You collected 385 gold pieces.

Inventory:

Hand Weapons
 a - a +0 flail
 i - a +0 whip of chaos
 v - a +2 whip of electrocution (weapon)
Missiles
 d - 2 throwing nets (quivered)
 e - a javelin
Armour
 b - a +0 leather armour
 c - a +1 helmet (worn)
 g - an orb of light (worn)
 w - a +0 plate armour (worn)
Jewellery
 j - a +6 ring of dexterity (left hand)
 t - a ring of protection from cold (right hand)
Wands
 q - a wand of iceblast (23)
 r - a wand of paralysis (22)
 x - a wand of mindburst (9)
Scrolls
 m - 4 scrolls of teleportation
 p - a scroll of enchant armour
 s - a scroll of fear
 u - a scroll of amnesia
Potions
 f - 2 potions of brilliance
 h - 3 potions of mutation
 l - 2 potions of lignification {unknown}
 o - a potion of resistance {unknown}
 z - a potion of attraction {unknown}


   Skills:
 - Level 2.0 Fighting
 + Level 9.5 Maces & Flails
 - Level 1.7 Throwing
 - Level 2.6 Dodging
 + Level 7.2 Necromancy


You had 8 spell levels left.
You didn't know any spells.
Your spell library contained the following spells:

 Spells                   Type           Power      Damage    Failure   Level
 Necrotise                Necr           52%        1d6       67%         1
 Sublimation of Blood     Necr           13%        N/A       80%         2
 Kiss of Death            Conj/Necr      24%        2d7       99%         1
 Cigotuvi's Dreadful Rot  Necr/Pois/Air  8%         N/A       100%        2


Dungeon Overview and Level Annotations

Branches:
Dungeon (7/15)             Temple (1/1) D:5

Altars:
Ashenzari
Cheibriados
Dithmenos
Fedhas
Gozag
Hepliaklqana
Kikubaaqudgha
Makhleb
Qazlal
Sif Muna

Shops:
D:6 (

Annotations:
D:7 Maggie


Innate Abilities, Weirdness & Mutations

You have a moderately thin skeletal structure. (Dex +4, Stealth++)
You are mostly covered in sharp spines.
A meltable shield of frost defends you. (SH +0)
Your touch may inflict minor irresistible damage on your foes.


Message History

Increase (S)trength, (I)ntelligence, or (D)exterity?
You feel stronger. x2; Your demonic ancestry asserts itself...
Your bones become somewhat less dense.
Throw: 3 throwing nets
Aim: an ogre, wielding a +0 giant club (moderately wounded, haloed, 94% to hit)
You throw a throwing net. The throwing net hits the ogre.
The ogre is caught in the net!
Maggie mumbles some strange words.
Maggie attempts to bespell you!
You are mesmerised by Maggie!
You hit the ogre.
The ogre struggles against the net.
You hit the ogre.
The ogre struggles against the net.
Maggie says, "Fear not.
I will immortalize you in the tale of my first kill."
You block Maggie's attack.
You whack the ogre! Lightning courses through the ogre!!
You kill the ogre!
Kikubaaqudgha accepts your kill.
Maggie hits you with a +1 halberd of flaming!
* * * LOW HITPOINT WARNING * * *
Your condensation shield dissipates!
Maggie burns you.
* * * LOW HITPOINT WARNING * * *
You hit Maggie. Maggie is struck by your spines.
Maggie hits you but does no damage.
You whack Maggie!
You feel much better.
Maggie hits you with a +1 halberd of flaming.
* * * LOW HITPOINT WARNING * * *
Maggie burns you.
* * * LOW HITPOINT WARNING * * *
You whack Maggie! Maggie hits you but does no damage.
You barely miss Maggie. Maggie barely misses you.
You hit Maggie.
You break out of your daze.
You hit Maggie. Lightning courses through Maggie!
Maggie hits you with a +1 halberd of flaming!
* * * LOW HITPOINT WARNING * * *
Maggie burns you.
You die...
Kikubaaqudgha rasps: "You have failed me!
Welcome... death!"

.... . ......#
####....#..#
########....##.#..?
#................##
#<......#####......
#...†...####...####
#..)[......>)#....#
#.).....###.).@@..#
#........##.)#).......
#..........†[#........
##########)#.#....##..
.....#....# #
...#)......#
....#.#.#####
....#.#.. ..... .###.


You could see Maggie.

Vanquished Creatures
  3 yaks (D:6)
  Duvessa (D:6)
  An orc warrior (D:7)
  An ice beast (D:7)
  3 ogres
  A centaur (D:6)
  Blork the orc (D:4)
  2 bullfrogs (D:7)
  A kobold brigand (D:6)
  2 scorpions
  Dowan (D:6)
  3 howler monkeys
  5 hounds
  2 jellies (D:6)
  Jessica (D:3)
  Terence (D:2)
  2 iguanas (D:6)
  7 gnolls
  An adder (D:4)
  A white imp (D:5)
  2 ufetubi
  3 worms (D:2)
  5 dart slugs
  4 orcs
  5 ball pythons
  3 bats
  7 endoplasms
  5 giant cockroaches
  3 hobgoblins
  4 jackals (D:3)
  2 quokkas
  2 frilled lizards
  5 goblins
  13 kobolds
  2 rats
105 creatures vanquished.

Vanquished Creatures (others)
  2 orcs (D:7)
2 creatures vanquished.

Grand Total: 107 creatures vanquished

Notes
Turn   | Place    | Note
-------+----------+-------------------------------------------
     0 | D:1      | theswoord the Demonspawn Gladiator began the quest for the
                  | Orb.
     0 | D:1      | Reached XP level 1. HP: 16/16 MP: 1/1
   166 | D:1      | Reached skill level 3 in Maces & Flails
   322 | D:1      | Gained mutation: You have a somewhat thin skeletal
                  | structure. (Dex +2, Stealth+) [demonic ancestry]
   322 | D:1      | Reached XP level 2. HP: 16/22 MP: 2/2
  1149 | D:2      | Gained mutation: You are partially covered in sharp spines.
                  | [demonic ancestry]
  1149 | D:2      | Reached XP level 3. HP: 26/27 MP: 3/3
  1191 | D:2      | Found an opulent altar of Gozag.
  1417 | D:2      | Reached skill level 4 in Maces & Flails
  1582 | D:3      | Noticed Terence
  1591 | D:2      | Killed Terence
  1602 | D:3      | Gained mutation: Your touch may inflict minor irresistible
                  | damage on your foes. [demonic ancestry]
  1602 | D:3      | Reached XP level 4. HP: 22/31 MP: 4/4
  1645 | D:3      | Identified the +1 robe of the Fiend {rElec Will+ SInv}
  1768 | D:3      | Noticed Jessica
  1779 | D:3      | Killed Jessica
  1780 | D:3      | Reached skill level 5 in Maces & Flails
  2059 | D:4      | Noticed Blork the orc
  2059 | D:4      | Noticed a scorpion
  2072 | D:3      | Killed a scorpion
  2073 | D:3      | Gained mutation: A meltable shield of frost defends you.
                  | (SH +0) [demonic ancestry]
  2073 | D:3      | Reached XP level 5. HP: 11/38 MP: 5/5
  2224 | D:4      | Killed Blork the orc
  2225 | D:4      | Reached skill level 6 in Maces & Flails
  2338 | D:4      | Reached XP level 6. HP: 26/44 MP: 6/6
  2536 | D:4      | Found a burning altar of Makhleb.
  2717 | D:4      | Found a hazy altar of Hepliaklqana.
  3269 | D:5      | Entered Level 5 of the Dungeon
  3589 | D:5      | Found a staircase to the Ecumenical Temple.
  3593 | D:5      | Reached skill level 7 in Maces & Flails
  3605 | Temple   | Entered the Ecumenical Temple
  3612 | Temple   | Became a worshipper of Kikubaaqudgha
  4097 | D:6      | Reached skill level 1 in Necromancy
  4097 | D:6      | Gained mutation: You are mostly covered in sharp spines.
                  | [demonic ancestry]
  4097 | D:6      | Reached XP level 7. HP: 46/50 MP: 7/7
  4370 | D:6      | Found a snail-covered altar of Cheibriados.
  4371 | D:6      | Found Gitoniax's Antique Weapon Shop.
  4395 | D:6      | Found a broken altar of Ashenzari.
  4433 | D:6      | Noticed a yak
  4433 | D:6      | Noticed a yak
  4434 | D:6      | Noticed a yak
  4441 | D:6      | Killed a yak
  4445 | D:6      | Killed a yak
  4446 | D:6      | Reached skill level 8 in Maces & Flails
  4454 | D:6      | Killed a yak
  4455 | D:6      | Reached XP level 8. HP: 48/56 MP: 8/8
  4500 | D:6      | Reached * piety under Kikubaaqudgha
  4500 | D:6      | Received a gift from Kikubaaqudgha
  4708 | D:6      | Noticed Duvessa
  4708 | D:6      | Noticed Dowan
  4716 | D:6      | Killed Dowan
  4717 | D:6      | Reached skill level 5 in Necromancy
  4721 | D:6      | Killed Duvessa
  5346 | D:7      | Reached skill level 9 in Maces & Flails
  5498 | D:7      | Noticed Maggie
  5507 | D:7      | Gained mutation: You have a moderately thin skeletal
                  | structure. (Dex +4, Stealth++) [demonic ancestry]
  5507 | D:7      | Reached XP level 9. HP: 13/61 MP: 9/9
  5518 | D:7      | HP: 1/61 [Maggie/+1 halberd of flaming (14)]
  5518 | D:7      | Slain by Maggie

Skill      XL: |  1  2  3  4  5  6  7  8 |
---------------+-------------------------+-----
Maces & Flails | 3 4 5 6 7 8 9 |  9.5
Necromancy     | 1 4 7 |  7.2
Fighting       | |  2.0
Throwing       | |  1.7
Dodging        | |  2.6

Action                     |  1- 3 |  4- 6 |  7- 9 || total
---------------------------+-------+-------+-------++-------
  Melee: Whip              |    83 |   102 |   118 ||   303
         Flail             |     8 |       |       ||     8
  Throw: Throwing net      |       |       |     1 ||     1
    Use: Scroll            |     8 |     6 |     1 ||    15
         Potion            |       |     3 |     1 ||     4
   Stab: Sleeping          |     1 |       |       ||     1
 Armour: Leather armour    |    17 |    15 |       ||    32
         Plate armour      |       |     5 |    56 ||    61
  Dodge: Dodged            |    39 |    47 |    22 ||   108
  Block: Orb               |       |    12 |    13 ||    25

Levels and vault maps discovered:
D:1:      kennysheep_arrival_forest, layout_basic, roderic_malta_cross
D:2:      layout_loops_ring, basic_altar, skrybe_limestone_x
D:3:      layout_rooms, mainiacjoe_overflow_chevrons, uniq_terence, uniq_jessica
D:4:      layout_cave_pods, mainiacjoe_overflow_brackets,
          nicolae_hepliaklqana_hazy_memory, uniq_blork_the_orc
D:5:      layout_basic, mainiacjoe_overflow_paths, minmay_temple_entry_wispy
D:6:      dreamdust_elfheim, layout_basic, ashenzari_conservatory_becter,
          overflow_temple_1_default, serial_corexii_hall,
          corexii_hall_statues_deadend, corexii_hall_statues_x,
          corexii_hall_statues_deadend, serial_shops, nicolae_stop_n_shop_2,
          kennysheep_generic_room_11
D:7:      layout_rooms, nicolae_ru_the_path_less_chosen, item_on_display_a,
          uniq_maggie, uniq_prince_ribbit1, uniq_pikel
Temple:   hellmonk_temple_of_storms
